 Dungeon Crawl Stone Soup version 0.21-a0-591-g2314aa1 (webtiles) character file.

1049 Amnesiac the Grave Robber (level 8, -1/79 HPs)
             Began as an Ogre Necromancer on Dec 22, 2017.
             Was an Initiate of Okawaru.
             Slain by a hound (2 damage)
             ... on level 5 of the Dungeon.
             The game lasted 00:12:18 (5200 turns).

Amnesiac the Grave Robber (Ogre Necromancer)        Turns: 5200, Time: 00:12:18

Health: -1/79      AC:  5    Str: 13    XL:     8   Next: 25%
Magic:  1/13       EV: 17    Int: 16    God:    Okawaru [......]
Gold:   311        SH:  0    Dex: 16    Spells: 3/14 levels left

rFire    . . .     SeeInvis .   a - -2 hunting sling
rCold    . . .     Gourm    .   (no shield)
rNeg     . . .     Faith    .   h - +0 robe
rPois    .         Spirit   .   (helmet restricted)
rElec    .         Reflect  .   l - +1 cloak
rCorr    +         Harm     .   (gloves unavailable)
MR       .....                  (boots unavailable)
Stlth    +++.......             (no amulet)
HPRegen  0.23/turn              e - ring of resist corrosion
MPRegen  0.13/turn              (no ring)

@: agile
A: large, unfitting armour, tough skin 1
a: Renounce Religion


You were on level 5 of the Dungeon.
You worshipped Okawaru.
Okawaru was noncommittal.
You were hungry.

You visited 2 branches of the dungeon, and saw 7 of its levels.

You collected 311 gold pieces.

Inventory:

Hand Weapons
 a - a -2 hunting sling (weapon)
 b - a +3 long sword of draining
Missiles
 i - 102 stones (quivered)
 j - 20 poisoned needles
Armour
 h - a +0 robe (worn)
 l - a +1 cloak (worn)
Jewellery
 e - a ring of resist corrosion (left hand)
Scrolls
 m - 2 scrolls of fog {!r, unknown}
 n - a scroll of fear {!r, unknown}
 o - a scroll of random uselessness {!r, unknown}
 s - a scroll of teleportation {!r, unknown}
 t - 2 scrolls of identify {!r}
 u - a scroll of remove curse {!r}
 v - 2 scrolls of blinking {!r, unknown}
 w - a scroll of enchant armour {!r, unknown}
Potions
 d - a potion of might {!q, unknown}
 f - a potion of agility {!q}
 g - a potion of curing {!q}
 k - 2 potions of brilliance {!q}
 p - 2 potions of ambrosia {!q, unknown}
 q - a potion of heal wounds {!q, unknown}
 r - a potion of invisibility {!q, unknown}
Books
 x - a book of Necromancy

   Spells                             Type                      Level
   a - Pain                           Necromancy                   1
   b - Animate Skeleton               Necromancy                   1
   c - Vampiric Draining              Necromancy                   3
   d - Regeneration                   Charms/Necromancy            3
   e - Animate Dead                   Necromancy                   4
   f - Control Undead                 Necromancy                   4
 y - a book of Cantrips

   Spells                             Type                      Level
   a - Confusing Touch                Hexes                        1
   b - Animate Skeleton               Necromancy                   1
   c - Summon Small Mammal            Summoning                    1
   d - Apportation                    Translocation                1
Comestibles
 c - 11 rations
 z - 6 chunks of flesh


   Skills:
 - Level 4.4 Fighting
 + Level 4.2 Dodging
 - Level 1.4 Stealth
 - Level 3.5 Spellcasting
 - Level 7.5 Necromancy


You had 3 spell levels left.
You knew the following spells:

 Your Spells              Type           Power        Failure   Level  Hunger
a - Pain                  Necr           ####         1%          1    None
b - Control Undead        Necr           ####......   8%          4    ####...
d - Vampiric Draining     Necr           ####......   2%          3    ###....
r - Regeneration          Chrm/Necr      ##........   11%         3    ###....


Dungeon Overview and Level Annotations

Branches:
Dungeon (6/15)             Temple (1/1) D:6

Altars:
Ashenzari
Cheibriados
Dithmenos
Elyvilon
Fedhas
Gozag
Hepliaklqana
Kikubaaqudgha
Makhleb
Okawaru
Qazlal
Ru
Sif Muna
Trog
Uskayaw
Vehumet
Xom
Yredelemnul
Zin
The Shining One

Shops:
D:4 }

Annotations:
D:4 bworf's ghost, weakling HOGl


Innate Abilities, Weirdness & Mutations

You are too large for most types of armour.
You have tough skin. (AC +1)


Message History

You are feeling hungry.
You feel sick.
You feel sick.
You feel sick.
You feel sick.
You feel sick.
You feel sick.
Found 2 scrolls of remove curse and 13 gold pieces.
You see here 2 scrolls of remove curse {!r}.
A hound comes into view.
You feel sick.
You see here 13 gold pieces.
The hound barks!
Casting: Vampiric Draining
Confirm with . or Enter, or press ? or * to list all spells.
Aiming: Vampiric Draining
Press: ? - help, Shift-Dir - straight line, f - hound
Aim: a hound The hound is severely wounded.
You feel life coursing into your body.
You feel sick.
You are no longer poisoned.
The hound barely misses you. The hound bites you.
Unknown command.
Casting: Vampiric Draining
Confirm with . or Enter, or press ? or * to list all spells.
Okay, then.
Firing (i - inventory):
i - 105 stones (quivered)
Press: ? - help, Shift-Dir - straight line, f/p - hound
Aim: a hound (severely wounded)
You shoot a stone. The stone barely misses the hound.
The hound pauses to sniff the ground.
The hound misses you. The ogre hits you with a giant club.
The hound barely misses you.
Firing (i - inventory):
i - 104 stones (quivered)
Press: ? - help, Shift-Dir - straight line, f/p - hound
Aim: a hound (severely wounded)
You shoot a stone. The stone closely misses the hound.
The hound bites you but does no damage. The ogre hits you with a giant club!!
* * * LOW HITPOINT WARNING * * *
The hound bites you.
* * * LOW HITPOINT WARNING * * *
Firing (i - inventory):
i - 103 stones (quivered)
Press: ? - help, Shift-Dir - straight line, f/p - hound
Aim: a hound (severely wounded)
You shoot a stone. The stone closely misses the hound.
The ogre hits you with a giant club!!
* * * LOW HITPOINT WARNING * * *
The hound misses you.
Okay, then.
Really quaff
g - 3 potions of curing {!q}?
You feel better. The hound barely misses you. The ogre closely misses you.
The hound bites you.
* * * LOW HITPOINT WARNING * * *
Really quaff
g - 2 potions of curing {!q}?
You feel better. The hound bites you.
* * * LOW HITPOINT WARNING * * *
The ogre hits you with a giant club!!
* * * LOW HITPOINT WARNING * * *
Really quaff
k - 2 potions of brilliance {!q}?
Okay, then.
Really quaff
f - 2 potions of agility {!q}?
You feel agile all of a sudden. The hound barely misses you.
The hound bites you.
You die...

##
#..........#
#># .#
##########.#
#.# .# #.#
#.# .# #.#
#.# .#
#####.# #.##
.#######
#..?..# #..#
.......###
#$##### ##.#
.#####...#
#O# #.# .#
###.# #@# #.#
.# #.# #h#
#.# .# #.#
#.# #.# ##
#.# #.# #.#
##.##### #.#
#.#
#......###.#
#.# ♣
#.........(#
#.# ♣♣
♣♣.####.#####
#.# .♣♣♣♣♣..#
##.## #.#


You could see an ogre and a hound.

Vanquished Creatures
  Eustachio (D:5)
  An orc warrior (D:6)
  2 ogres
  2 scorpions
  A howler monkey (D:6)
  A crimson imp (D:6)
  A gnoll shaman (D:4)
  An orc wizard (D:6)
  2 orc priests
  2 worker ants (D:4)
  A hound skeleton (D:4)
  10 gnolls
  10 adders
  An adder skeleton (D:4)
  A worm (D:3)
  3 dart slugs
  4 leopard geckos
  10 orcs
  A ball python (D:4)
  5 bats
  5 giant cockroaches
  3 goblins
  5 hobgoblins
  6 jackals
  8 kobolds
  A quokka (D:3)
  5 frilled lizards
  A giant cockroach zombie (D:6)
  A leopard gecko skeleton (D:4)
  2 rats
97 creatures vanquished.

Vanquished Creatures (collateral kills)
  A worker ant (D:4)
  A worm (D:4)
  A jackal (D:4)
3 creatures vanquished.

Grand Total: 100 creatures vanquished

Notes
Turn   | Place    | Note
-------+----------+-------------------------------------------
     0 | D:1      | Amnesiac the Ogre Necromancer began the quest for the Orb.
     0 | D:1      | Reached XP level 1. HP: 16/16 MP: 3/3
   164 | D:1      | Reached skill level 4 in Necromancy
   164 | D:1      | Reached XP level 2. HP: 16/24 MP: 0/5
   650 | D:1      | Reached XP level 3. HP: 26/31 MP: 2/6
  1450 | D:3      | Reached XP level 4. HP: 35/39 MP: 2/7
  1484 | D:3      | Reached skill level 5 in Necromancy
  1778 | D:3      | Found a burning altar of Makhleb.
  1778 | D:3      | Found a stormy altar of Qazlal.
  1897 | D:3      | Found a glowing golden altar of the Shining One.
  1928 | D:3      | Reached XP level 5. HP: 34/45 MP: 2/10
  2095 | D:4      | Learned a level 3 spell: Regeneration
  2366 | D:4      | Learned a level 3 spell: Vampiric Draining
  2774 | D:4      | Reached skill level 6 in Necromancy
  2774 | D:4      | Reached XP level 6. HP: 41/53 MP: 6/11
  2837 | D:4      | Found Ohouwamn's Gadget Emporium.
  3310 | D:4      | Noticed bworf's ghost (weakling HOGl)
  3339 | D:3      | Learned a level 4 spell: Control Undead
  3471 | D:5      | Entered Level 5 of the Dungeon
  3471 | D:5      | Noticed Eustachio
  3997 | D:6      | Reached skill level 7 in Necromancy
  3997 | D:6      | Reached XP level 7. HP: 24/59 MP: 1/12
  4431 | D:6      | Reached skill level 1 in Fighting
  4638 | D:6      | Found a staircase to the Ecumenical Temple.
  4642 | Temple   | Entered the Ecumenical Temple
  4785 | Temple   | Became a worshipper of Warmaster Okawaru
  4909 | D:5      | Killed Eustachio
  4909 | D:5      | Reached XP level 8. HP: 50/75 MP: 0/13
  5001 | D:5      | Found a blossoming altar of Fedhas.
  5199 | D:5      | HP: 1/79 [ogre/giant club (19)]
  5200 | D:5      | Slain by a hound

Vault maps used:
D:1:      shiori_arrival_maze, minmay_misc_feat_x, kennysheep_nondescript
D:2:      first_ration
D:3:      tso_oasis_becter, gammafunk_temple_overflow_statue
D:4:      serial_shops, shop, kennysheep_small_spiral
D:5:      kennysheep_mini, fedhas_altar_4, uniq_eustachio
D:6:      minmay_temple_entry_grid
Temple:   eino_temple_scatter_basement

Skill      XL: |  1  2  3  4  5  6  7  8 |
---------------+-------------------------+-----
Necromancy     | 4 5 6 7 |  7.5
Spellcasting   | 3 |  3.5
Fighting       | 3 4 |  4.4
Dodging        | 3 4 |  4.2
Stealth        | |  1.4

Action                   |  1- 3 |  4- 6 |  7- 9 || total
-------------------------+-------+-------+-------++-------
Melee: Long sword        |       |       |    16 ||    16
 Fire: Hunting sling     |    42 |   141 |    35 ||   218
 Cast: Pain              |    54 |   119 |    51 ||   224
       Vampiric Draining |       |     8 |     7 ||    15
       Control Undead    |       |     4 |       ||     4
       Regeneration      |       |     1 |       ||     1
  Use: Scroll            |     6 |       |       ||     6
       Potion            |       |       |     3 ||     3
  Eat: Chunk             |     2 |     8 |     2 ||    12
       Ration            |       |       |     1 ||     1
Armor: Robe              |     3 |    92 |    26 ||   121
Dodge: Dodged            |    13 |   141 |    42 ||   196
       Rpst.: Long sword |       |       |     8 ||     8

Table legend:
 A = Spawn XP
 B = Non-spawn XP
 C = Spawn XP percentage of total XP
 D = Spawn monster count
 E = Non-spawn monster count
 F = Spawn count percentage of total count
 G = Total turns spent on level
                    A         B        C        D         E        F      G
               +---------+---------+-------+---------+---------+-------+---------
         Total |       0 |    1499 |   0.0 |       0 |     100 |   0.0 |  5200
               +---------+---------+-------+---------+---------+-------+---------
           D:1 |       0 |      40 |   0.0 |       0 |      18 |   0.0 |   832
           D:2 |       0 |      37 |   0.0 |       0 |       9 |   0.0 |   599
           D:3 |       0 |     121 |   0.0 |       0 |      23 |   0.0 |   855
           D:4 |       0 |     331 |   0.0 |       0 |      23 |   0.0 |  1399
           D:5 |       0 |     489 |   0.0 |       0 |      16 |   0.0 |   435
           D:6 |       0 |     481 |   0.0 |       0 |      11 |   0.0 |   927
               +---------+---------+-------+---------+---------+-------+---------
